 Dungeon Crawl Stone Soup version 0.19.5 (webtiles) character file.

490 JeffiDaFish the Shield-Bearer (level 7, -4/44 HPs)
             Began as a Gargoyle Fighter on Mar 9, 2017.
             Slain by Blork the orc
             ... wielding a +0 battleaxe
              (7 damage)
             ... on level 4 of the Dungeon.
             The game lasted 00:06:14 (3170 turns).

JeffiDaFish the Shield-Bearer (Gargoyle Fighter)    Turns: 3170, Time: 00:06:15

Health: -4/44      AC: 16    Str: 19    XL:     7   Next: 14%
Magic:  7/7        EV:  6    Int:  9    God:
Gold:   172        SH: 10    Dex: 11    Spells: 0 memorised, 6 levels left

rFire  . . .     SeeInvis .     a - +0 flail
rCold  . . .     Gourm    .     l - +0 chain mail
rNeg   + . .     Faith    .     c - +0 shield
rPois  ∞         Spirit   .     n - +0 hat
rElec  +         Reflect  .     (no cloak)
rCorr  .         Harm     .     e - +1 pair of gloves
MR     .....                    (no boots)
Stlth  ..........               (no amulet)
                                (no ring)
                                (no ring)

@: no status effects
A: hooves 1, negative energy resistance 1, electricity resistance, unbreathing,
petrification resistance, rot immunity, AC +4
a: no special abilities


You were on level 4 of the Dungeon.
You were hungry.

You visited 1 branch of the dungeon, and saw 4 of its levels.

You collected 172 gold pieces.

Inventory:

Hand Weapons
 a - a +0 flail (weapon)
Armour
 c - a +0 shield (worn)
 e - a +1 pair of gloves (worn)
 l - a +0 chain mail (worn)
 n - a +0 hat (worn)
Scrolls
 d - a scroll of remove curse
 h - 2 scrolls of amnesia
 i - 2 scrolls of teleportation
 j - a scroll of identify
 m - a scroll of blinking
 q - a scroll of recharging
Potions
 g - a potion of agility
 o - a potion of brilliance
 p - a potion of haste
 r - a potion of flight
Comestibles
 b - 12 chunks of flesh
 f - 4 bread rations
 k - 7 fruits
 s - a slice of pizza


   Skills:
 + Level 4.3 Fighting
 + Level 4.3 Maces & Flails
 + Level 4.7 Armour
 + Level 1.1 Dodging
 + Level 0.8 Stealth
 + Level 5.4 Shields


You had 6 spell levels left.
You didn't know any spells.

Dungeon Overview and Level Annotations

Branches:
Dungeon (4/15)
 Temple: D:4-7

Altars:
Dithmenos
Fedhas
Gozag
Nemelex Xobeh
Trog

Annotations:
D:2 exclusion: oklob plant
D:4 Blork the orc


Innate Abilities, Weirdness & Mutations

You are resistant to torment.
Your stone body is resilient. (AC +4)
You are immune to poison.
You resist negative energy. (rN+)
You are resistant to electric shocks. (rElec)
You can survive without breathing.
You are immune to petrification.
You are immune to rotting.
You have large cloven feet.


Message History

You hit Blork the orc.
Blork the orc is heavily wounded.
Blork the orc gestures at you while chanting.
The puff of frost hits you!
Blork the orc points at you and mumbles some strange words.
The magic dart hits you!
* * * LOW HITPOINT WARNING * * *
You closely miss Blork the orc.
You kick Blork the orc, but do no damage.
Blork the orc is heavily wounded.
Blork the orc hits you with a battleaxe!
* * * LOW HITPOINT WARNING * * *
You closely miss Blork the orc.
You kick Blork the orc, but do no damage.
Blork the orc is heavily wounded.
Blork the orc barely misses you. x2
You closely miss Blork the orc.
Blork the orc is heavily wounded.
Blork the orc hits you with a battleaxe!
You die...

....#.#.#
####.#
..#.#.....
#....#
###.#.#.#...
#.####
<...........
#.#
#.......#####
#.# #.##.#..#
#)# #. #.#..#
### #.# #. .#
#...####.# #.
. #...o@...#
......######
## .#### ..#
#.#


You could see Blork the orc.

Vanquished Creatures
  Duvessa (D:4)
  The ghost of antares the Chopper, an amateur HOFi (D:3)
  Dowan (D:4)
  A hound (D:4)
  Ijyb (D:3)
  3 worker ants (D:4)
  4 adders
  A shadow imp (D:3)
  7 leopard geckos
  4 giant cockroaches
  8 goblins
  4 hobgoblins
  4 jackals (D:1)
  A quokka (D:3)
  9 bats
  5 frilled lizards
  9 kobolds
  7 rats
71 creatures vanquished.

Notes
Turn   | Place    | Note
-------+----------+-------------------------------------------
     0 | D:1      | JeffiDaFish the Gargoyle Fighter began the quest for the Orb.
     0 | D:1      | Reached XP level 1. HP: 14/14 MP: 1/1
    62 | D:1      | Reached XP level 2. HP: 19/19 MP: 2/2
   453 | D:1      | Gained mutation: You have large cloven feet. [potion of beneficial mutation]
   491 | D:1      | Reached XP level 3. HP: 21/24 MP: 3/3
   906 | D:2      | Reached XP level 4. HP: 28/29 MP: 4/4
  1602 | D:2      | Found a sparkling altar of Nemelex Xobeh.
  1603 | D:2      | Found an opulent altar of Gozag.
  1818 | D:2      | Found a blossoming altar of Fedhas.
  1828 | D:2      | Noticed an oklob plant
  2100 | D:3      | Noticed Ijyb
  2151 | D:3      | Killed Ijyb
  2151 | D:3      | Reached skill level 4 in Shields
  2185 | D:3      | Found a shadowy altar of Dithmenos.
  2326 | D:3      | Reached XP level 5. HP: 31/33 MP: 5/5
  2545 | D:3      | Found a bloodstained altar of Trog.
  2571 | D:3      | Noticed antares's ghost (amateur HOFi)
  2584 | D:3      | Killed antares's ghost
  2685 | D:3      | Reached XP level 6. HP: 38/38 MP: 6/6
  2928 | D:4      | Reached skill level 5 in Shields
  3013 | D:4      | Reached skill level 1 in Dodging
  3019 | D:4      | Noticed Duvessa
  3019 | D:4      | Noticed Dowan
  3050 | D:4      | Killed Duvessa
  3065 | D:4      | Killed Dowan
  3065 | D:4      | Reached XP level 7. HP: 28/44 MP: 7/7
  3141 | D:4      | Noticed Blork the orc
  3168 | D:4      | HP: 2/44 [Blork the orc/battleaxe (8)]
  3170 | D:4      | Slain by Blork the orc

Skill      XL: |  1  2  3  4  5  6 |
---------------+-------------------+-----
Armour         | 4 |  4.7
Shields        | 4 5 |  5.4
Maces & Flails | 3 4 |  4.3
Fighting       | 4 |  4.3
Dodging        | 1 |  1.1
Stealth        | |  0.8

Action                   |  1- 3 |  4- 6 |  7- 9 || total
-------------------------+-------+-------+-------++-------
Melee: Flail             |   136 |   283 |    41 ||   460
       Kick              |    15 |    66 |    13 ||    94
  Use: Scroll            |     5 |     4 |       ||     9
       Potion            |     1 |     5 |       ||     6
  Eat: Chunk             |       |     3 |       ||     3
       Meat ration       |       |     1 |       ||     1
Armor: Scale mail        |    84 |     3 |       ||    87
       Chain mail        |       |   244 |    20 ||   264
Dodge: Dodged            |    49 |    80 |    15 ||   144
Block: Shield            |    69 |   179 |    15 ||   263
